 Dungeon Crawl Stone Soup version 0.24.0-123-gd5b16e6ec5 (webtiles) character file.

Game seed: 7117361870177139442, levelgen mode: deterministic

34 Peloso the Covered (level 3, 33/33 HPs)
             Began as a Minotaur Fighter on Feb 10, 2020.
             Got out of the dungeon alive.
             The game lasted 00:02:03 (639 turns).

Peloso the Covered (Minotaur Fighter)                Turns: 639, Time: 00:02:03

Health: 33/33      AC:  7    Str: 20    XL:     3   Next: 14%
Magic:  2/2        EV:  7    Int:  5    God:
Gold:   60         SH:  9    Dex: 12    Spells: 2/2 levels left

rFire    . . .     SeeInvis .   a - +0 long sword
rCold    . . .     Gourm    .   c - +0 shield
rNeg     . . .     Faith    .   b - +0 scale mail
rPois    .         Spirit   .   (helmet restricted)
rElec    .         Reflect  .   (no cloak)
rCorr    .         Harm     .   (no gloves)
MR       .....     Rnd*Rage +   (no boots)
Stlth    ..........             (no amulet)
HPRegen  0.11/turn              (no ring)
MPRegen  0.08/turn              (no ring)

@: no status effects
A: retaliatory headbutt, horns 2, agile 1, berserk 1, MP-powered wands
a: no special abilities


You escaped.
You were not hungry.

You visited 1 branch of the dungeon, and saw 2 of its levels.

You collected 60 gold pieces.

Inventory:

Hand Weapons
 a - a +0 long sword (weapon)
Armour
 b - a +0 scale mail (worn)
 c - a +0 shield (worn)
Scrolls
 e - 2 scrolls of remove curse {unknown}
 g - a scroll of noise {unknown}
 h - a scroll of teleportation {unknown}
 i - a scroll of blinking {unknown}
Potions
 d - a potion of might
Comestibles
 f - 2 rations


   Skills:
 + Level 4.1 Fighting
 + Level 2.8 Long Blades
 + Level 4.2 Armour
 + Level 0.1 Dodging
 + Level 4.0 Shields


You had 2 spell levels left.
You didn't know any spells.
Your spell library was empty.

Dungeon Overview and Level Annotations

Branches:
Dungeon (2/15)

Altars:


Innate Abilities, Weirdness & Mutations

You reflexively headbutt those who attack you in melee.
You have a pair of horns on your head.
You are agile. (Dex +2)
You tend to lose your temper in combat.
You expend magic power (3 MP) to strengthen your wands.


Message History

You kill the giant cockroach!
You see here a giant cockroach corpse.
(D) Dungeon
Where to? (Enter - D:12, ? - help)
What level of the Dungeon? (default 1, ? - help)
You see here a giant cockroach corpse.
Your extra speed is starting to run out.
You feel yourself slow down.
There is a stone staircase leading up here.
You climb upwards.
There is a stone staircase leading down here.
You see here a robe.
There is a staircase leading out of the dungeon here.
Are you sure you want to leave the Dungeon?
This will make you lose the game!
Alright, then stay!
You can't go down here!
Are you sure you want to leave the Dungeon?
This will make you lose the game!
Uppercase [Y]es or [N]o only, please.
Are you sure you want to leave the Dungeon?
This will make you lose the game!
You have escaped!

>....#...######..#.#..##...#.....
.....##..##.#..##..#...#.........
.....#####.#.##.##.##.##...#.....
.....#####.#.#..###.#§§#)).#.....
.........###.#.###.##.§#..(##..†.
.........##.##.#..#.##.#......(..
.........#..#.##..##...#.###.(...
.........#.#.#.#..≈.####.###.##.#
#.#......##.≈#.#@.§.####.........
#)#......##.#.######§.≈#........#
#..[#......###...###.§.#.........
...##....##..####.##≈§≈#.........
...##....######..###≈>§#.........
..>####..###########§.≈#.........
...................§.............
...####.........####.............
....# #.........# #.............


There were no monsters in sight!

Vanquished Creatures
  A dart slug (D:1)
  3 bats (D:1)
  3 giant cockroaches
  5 goblins (D:1)
  2 hobgoblins (D:1)
  3 jackals (D:1)
  2 ball pythons (D:2)
  4 frilled lizards (D:1)
  3 kobolds (D:1)
  4 rats (D:1)
30 creatures vanquished.

Notes
Turn   | Place    | Note
-------+----------+-------------------------------------------
     0 | D:1      | Peloso the Minotaur Fighter began the quest for the Orb.
     0 | D:1      | Reached XP level 1. HP: 19/19 MP: 0/0
   174 | D:1      | Reached XP level 2. HP: 16/27 MP: 1/1
   451 | D:1      | Reached XP level 3. HP: 33/33 MP: 2/2
   543 | D:2      | Gained mutation: You tend to lose your temper in combat.
                  | [potion of mutation]
   543 | D:2      | Gained mutation: You expend magic power (3 MP) to
                  | strengthen your wands. [potion of mutation]
   543 | D:2      | Gained mutation: You are agile. (Dex +2) [potion of
                  | mutation]
   639 | D:$      | Got out of the dungeon alive.

Levels and vault maps discovered:
D:1:      dpeg_arrival_brainrot, layout_rooms
D:2:      layout_loops_ring, minitemple, okawaru_altar_gauntlet_db,
          serial_forest, infiniplex_forest_clump_tiny,
          infiniplex_forest_fountain, infiniplex_forest_3_way,
          infiniplex_forest_lined_2, infiniplex_forest_clump_curved,
          infiniplex_forest_lined_room_3, elyvilon_altar_5

Skill      XL: |  1  2 |
---------------+-------+-----
Armour         | 4 |  4.2
Fighting       | 4 |  4.1
Shields        | 4 |  4.0
Long Blades    | |  2.8
Dodging        | |  0.1

Action                   || total
-------------------------++-------
Melee: Long sword        ||    57
       Headbutt          ||     5
  Use: Potion            ||     2
Armor: Scale mail        ||    34
Dodge: Dodged            ||    27
Block: Shield            ||    29
       Rpst.: Long sword ||     5
